 Dungeon Crawl Stone Soup version 0.28.0-1-gb440e238dd (webtiles) character file.

Game seed: 6267878886503370866

460 Descartes the Ducker (level 6, -4/28 HPs)
             Began as a Spriggan Wanderer on Feb 20, 2022.
             Was an Initiate of Gozag.
             Killed from afar by an orc wizard (12 damage)
             ... with a puff of flame
             ... on level 6 of the Dungeon.
             The game lasted 00:13:32 (5357 turns).

Descartes the Ducker (Spriggan Wanderer)            Turns: 5357, Time: 00:13:33

Health: -4/28      AC:  3    Str:  9    XL:     6   Next: 78%
Magic:  10/12      EV: 19    Int: 15    God:    Gozag
Gold:   88         SH:  5    Dex: 14    Spells: 11/12 levels left

rFire   . . .      SeeInvis +   p - +3 quarterstaff (chaos)
rCold   . . .      Faith    .   (shield currently unavailable)
rNeg    . . .      Spirit   .   c - +0 robe
rPois   +          Reflect  +   b - +0 hat
rElec   .          Harm     .   q - +0 cloak
rCorr   +          Rampage  .   (gloves unavailable)
Will    +....                   (boots unavailable)
Stlth   +++.......              s - amulet of reflection
HPRegen 0.09/turn               i - ring of resist corrosion
MPRegen 0.13/turn               v - ring of poison resistance

@: very quick
A: very small, no large weapons, unfitting armour, see invisible, speed 3
a: Renounce Religion, Potion Petition, Call Merchant, Bribe Branch


You were on level 6 of the Dungeon.
You worshipped Gozag.
Gozag was noncommittal.
You visited 2 branches of the dungeon, and saw 7 of its levels.

You collected 131 gold pieces.
You paid 43 gold pieces to Gozag.

Inventory:

Hand Weapons
 a - a +0 short sword
 p - a +3 quarterstaff of chaos (weapon)
 y - a +1 spear of pain
Missiles
 d - 115 stones
 f - 2 boomerangs
 w - 2 silver boomerangs
Armour
 b - a +0 hat (worn)
 c - a +0 robe (worn)
 q - a +0 cloak (worn)
Jewellery
 i - a ring of resist corrosion (left hand)
 s - an amulet of reflection (around neck)
 v - a ring of poison resistance (right hand)
Wands
 o - a wand of polymorph (4)
Scrolls
 e - a scroll of identify {unknown}
 h - a scroll of blinking {unknown}
 j - a scroll of amnesia {unknown}
 n - a scroll of teleportation {unknown}
 r - a scroll of enchant weapon {unknown}
 x - a scroll of noise {unknown}
Potions
 g - 2 potions of curing {unknown}
 k - a potion of heal wounds {unknown}
 l - a potion of attraction {unknown}
 m - a potion of might {unknown}
 t - a potion of mutation {unknown}
 u - a potion of flight {unknown}
 z - a potion of haste {unknown}


   Skills:
 - Level 2.4 Short Blades
 + Level 5.8 Dodging
 + Level 4.3 Stealth
 + Level 3.8 Spellcasting
 + Level 2.0 Conjurations
 + Level 4.5 Air Magic


You had 11 spell levels left.
You knew the following spells:

 Your Spells              Type           Power      Damage    Failure   Level
a - Shock                 Conj/Air       48%        1d6       4%          1

Your spell library contained the following spells:

 Spells                   Type           Power      Damage    Failure   Level
 Swiftness                Air            16%        N/A       9%          3
 Corpse Rot               Necr/Air       18%        N/A       11%         2


Dungeon Overview and Level Annotations

Branches:
Dungeon (7/15)             Temple (1/1) D:4

Altars:
Ashenzari
Cheibriados
Dithmenos
Elyvilon
Fedhas
Gozag
Hepliaklqana
Kikubaaqudgha
Makhleb
Nemelex Xobeh
Qazlal
Ru
Sif Muna
Trog
Vehumet
Wu Jian
Xom
Yredelemnul
Zin
The Shining One

Shops:
D:4 [


Innate Abilities, Weirdness & Mutations

You are very small and have problems with some larger weapons.
You are too small for most types of armour.
You have supernaturally acute eyesight. (SInv)
You cover ground extremely quickly. (Speed+++)


Message History

There is a stone staircase leading up here.
You climb upwards.
Found a stone staircase leading down.
There is a stone staircase leading down here.
Unknown command.
The helpless orc wizard fails to defend itself.
You hit the orc wizard.
The orc wizard is poisoned.
The orc wizard is moderately wounded.
The orc wizard shouts!
The orc shouts!
You block the orc wizard's attack.
The orc wizard gestures at you while chanting.
The magic dart hits you!
Casting: Shock (safe; 4% risk of failure)
Confirm with . or Enter, or press ? or * to list all spells.
Aiming: Shock (safe; 4% risk of failure)
Press: ? - help, Shift-Dir - straight line, f - orc wizard
Aim: an orc wizard, wielding a +0 dagger and wearing a +0 robe (heavily wounded, very poisoned, 60% to hit)
The zap hits the orc wizard.
The orc wizard is severely wounded.
The zap hits the orc wizard.
The orc wizard is moderately wounded.
Casting: Shock (safe; 4% risk of failure)
Confirm with . or Enter, or press ? or * to list all spells.
Aiming: Shock (safe; 4% risk of failure)
Press: ? - help, Shift-Dir - straight line, f - orc, p - orc wizard
Aim: an orc, wielding a +0 club (68% to hit)
The zap hits the orc wizard.
The orc wizard is almost dead.
The zap hits the orc wizard.
The orc wizard is heavily wounded.
The zap hits the orc.
The orc is moderately wounded.
The orc wizard casts a spell at you. The puff of flame hits you!
* * * LOW HITPOINT WARNING * * *
Found an escape hatch in the floor.
The orc wizard points at you and mumbles some strange words.
The puff of flame hits you!
You die...
Your body crumbles into a pile of gold.

# #. ##.#
####...#####
.....oooo..#####.#
...#...###@.......
.....#. #.#####.#
...# .. ..# .. #.#
#... P .> .... ...
...... .## ###...
...>.


You could see 3 orc wizards and an orc.

Vanquished Creatures
  A black bear (D:4)
  An ogre (D:4)
  Crazy Yiuf (D:2)
  Natasha (thrice) (D:2)
  An iguana (D:4)
  An orc wizard (D:2)
  4 gnolls (D:3)
  An adder (D:2)
  2 dart slugs
  2 orcs (D:2)
  6 bats
  6 endoplasms
  11 giant cockroaches
  4 goblins
  8 hobgoblins
  3 quokkas
  2 ball pythons
  5 frilled lizards
  6 kobolds
  5 rats
73 creatures vanquished.

Notes
Turn   | Place    | Note
-------+----------+-------------------------------------------
     0 | D:1      | Descartes the Spriggan Wanderer began the quest for the
                  | Orb.
     0 | D:1      | Descartes set off with the following items: a +0 short
                  | sword, a +0 hat, a +0 robe; and the following spell
                  | memorised: Shock; and the following spells available to
                  | memorise: Swiftness, Corpse Rot
     0 | D:1      | Reached XP level 1. HP: 9/9 MP: 3/3
   447 | D:1      | Reached XP level 2. HP: 13/13 MP: 0/5
   585 | D:1      | Reached skill level 1 in Stealth
  1244 | D:1      | Reached XP level 3. HP: 16/16 MP: 0/6
  2225 | D:2      | Noticed Natasha
  2255 | D:2      | Killed Natasha
  2256 | D:2      | Reached XP level 4. HP: 16/21 MP: 1/8
  2265 | D:2      | Noticed Natasha
  2341 | D:2      | Killed Natasha
  2342 | D:2      | Reached skill level 5 in Dodging
  2342 | D:2      | Reached skill level 1 in Conjurations
  2698 | D:2      | Noticed Natasha
  2944 | D:2      | Reached XP level 5. HP: 24/24 MP: 5/9
  3349 | D:2      | Killed Natasha
  3427 | D:2      | Found a runed translucent door.
  3428 | D:2      | Noticed Crazy Yiuf
  3557 | D:2      | Killed Crazy Yiuf
  3908 | D:3      | Found a faded altar of an unknown god.
  4769 | D:4      | Noticed an ogre
  4865 | D:4      | Reached XP level 6. HP: 28/28 MP: 6/11
  4914 | D:4      | Found a staircase to the Ecumenical Temple.
  4920 | Temple   | Entered the Ecumenical Temple
  5036 | D:4      | Found Wafoaryprev's Antique Armour Emporium.
  5322 | D:4      | Found a shadowy altar of Dithmenos.
  5326 | D:4      | Found an opulent altar of Gozag.
  5326 | D:4      | Found a basalt altar of Yredelemnul.
  5327 | D:4      | Found a white marble altar of Elyvilon.
  5334 | D:4      | Became a worshipper of Gozag Ym Sagoz the Greedy
  5347 | D:4      | You fall into a shaft and drop 3 floors!
  5357 | D:6      | Killed from afar by an orc wizard

Illustrated notes

Levels and vault maps discovered:
D:1:      heliophobic_arrival_battle_scene, layout_basic
D:2:      layout_loops_cross, uniq_natasha, uniq_crazy_yiuf_cottage
D:3:      layout_basic, chequers_ecumenical_altar_twisty
D:4:      layout_loops_corners, chequers_temple_overflow_statue_of_worship,
          minmay_temple_entry_grid, serial_shops, nicolae_shop_advertising_works
          [nicolae_subvault_shop_adworks]
D:6:      layout_loops_ring, serial_park_tiny_2, st_stairs_8,
          hangedman_decor_diamond_cutter, serial_bayou_lagoon_b, uniq_menkaure
D:7:      layout_cave_pools
Temple:   nicolae_temple_x_marks_the_god

Skill      XL: |  1  2  3  4  5  6 |
---------------+-------------------+-----
Stealth        | 1 2 3 4 |  4.3
Spellcasting   | 2 3 |  3.8
Short Blades   | 2 |  2.4
Dodging        | 5 |  5.8
Conjurations   | 1 2 |  2.0
Air Magic      | 4 |  4.5

Action                   |  1- 3 |  4- 6 || total
-------------------------+-------+-------++-------
Melee: Short sword       |    20 |     4 ||    24
       Quarterstaff      |       |     6 ||     6
 Cast: Shock             |    95 |   131 ||   226
 Stab: Sleeping          |       |     1 ||     1
Armor: Robe              |     7 |     2 ||     9
       Skin              |       |     1 ||     1
Dodge: Dodged            |    36 |    10 ||    46
Block: Other             |       |     5 ||     5
